 Seeded DCSS version 0.29-a0-88-g03a7b78be7 (webtiles) character file.

Game seed: 13677504280143444418 (custom seed)

1054 innerfire433 the Magician (level 8, -6/41 HPs)
             Began as a Deep Elf Air Elementalist on Feb 5, 2022.
             Was a Follower of the Shining One.
             Mangled by Grinder (7 damage)
             ... while paralysed by Grinder
             ... on level 6 of the Dungeon.
             The game lasted 00:14:27 (6635 turns).

innerfire433 the Magician (DEAE)                    Turns: 6635, Time: 00:14:28

Health: -6/41      AC:  6    Str:  7    XL:     8   Next: 5%
Magic:  14/20      EV:  2    Int: 21    God:    the Shining One [*.....]
Gold:   309        SH:  0    Dex: 15    Spells: 16/20 levels left

rFire   . . .      SeeInvis .   y - +2 quarterstaff (chaos)
rCold   . . .      Faith    .   (shield currently unavailable)
rNeg    . . .      Spirit   .   a - +0 robe
rPois   .          Reflect  .   c - +1 hat
rElec   .          Harm     .   A - +2 cloak
rCorr   .          Rampage  .   (no gloves)
Will    .....                   (no boots)
Stlth   +.........              (no amulet)
HPRegen 0.13/turn               (no ring)
MPRegen 0.17/turn               (no ring)

@: paralysed, glowing
A: no striking features
a: Renounce Religion, Divine Shield


You were on level 6 of the Dungeon.
You worshipped the Shining One.
The Shining One was aware of your devotion.
You visited 1 branch of the dungeon, and saw 6 of its levels.

You collected 309 gold pieces.

Inventory:

Hand Weapons
 f - a +1 dagger of speed
 t - a +1 flail of protection
 u - a +1 whip of freezing
 w - a +0 shortbow
 y - a +2 quarterstaff of chaos (weapon)
Missiles
 q - a boomerang
 x - 43 arrows
Armour
 a - a +0 robe (worn)
 c - a +1 hat (worn)
 A - a +2 cloak (worn)
Wands
 n - a wand of acid (12)
 p - a wand of iceblast (6)
Scrolls
 b - 9 scrolls of identify {unknown}
 d - a scroll of fog {unknown}
 g - 5 scrolls of teleportation {unknown}
 i - a scroll of noise {unknown}
 j - a scroll of enchant weapon {unknown}
 o - a scroll of summoning {unknown}
 r - a scroll of magic mapping {unknown}
 s - a scroll of amnesia {unknown}
 v - a scroll of holy word {unknown}
Potions
 e - 2 potions of mutation {unknown}
 k - 2 potions of haste
 l - a potion of flight {unknown}
 m - 2 potions of ambrosia {unknown}
 z - a potion of degeneration {unknown}


   Skills:
 - Level 2.1 Short Blades
 - Level 1.8 Maces & Flails
 + Level 0.0(1.4) Staves
 - Level 2.4 Dodging
 - Level 2.4 Stealth
 + Level 6.8 Spellcasting
 * Level 5.5 Conjurations
 * Level 5.9 Air Magic


You had 16 spell levels left.
You knew the following spells:

 Your Spells              Type           Power      Damage    Failure   Level
a - Shock                 Conj/Air       100%       1d9       1%          1
b - Swiftness             Air            32%        N/A       2%          3

Your spell library contained the following spells:

 Spells                   Type           Power      Damage    Failure   Level
 Static Discharge         Conj/Air       31%        N/A       1%          2
 Airstrike                Air            16%        N/A       8%          4
 Summon Small Mammal      Summ           28%        N/A       9%          1
 Ensorcelled Hibernation  Hex/Ice        14%        N/A       14%         2
 Passwall                 Tmut/Erth      5%         N/A       14%         2
 Call Canine Familiar     Summ           7%         N/A       26%         3
 Summon Guardian Golem    Hex/Summ       7%         N/A       26%         3


Dungeon Overview and Level Annotations

Branches:
Dungeon (6/15)
 Temple: D:4-7

Altars:
Ashenzari
Xom
Yredelemnul
Zin
The Shining One

Shops:
D:1 (

Annotations:
D:6 Grinder


Message History

Grinder blinks!
Grinder moves out of view.
The zap hits Grinder.
Grinder is lightly wounded.
The zap hits Grinder!
Grinder is moderately wounded.
The zap hits Grinder.
Grinder is heavily wounded.
Grinder gestures at you.
You suddenly lose the ability to move!
You can move again.
The zap hits Grinder!
Grinder is severely wounded.
Grinder hits you but does no damage.
The zap hits Grinder.
Grinder is severely wounded.
Grinder hits you.
The zap hits Grinder!
Grinder is almost dead.
Grinder hits you!
You writhe in agony.
The zap misses Grinder.
Grinder hits you.
The zap hits Grinder.
Grinder is almost dead.
Grinder hits you!
You writhe in agony.
You are too injured to fight recklessly!
You feel better. Grinder hits you!
* * * LOW HITPOINT WARNING * * *
You writhe in agony.
* * * LOW HITPOINT WARNING * * *
You feel better.
Grinder says, "FISH!"
Grinder gestures at you.
You suddenly lose the ability to move!
Grinder hits you!
* * * LOW HITPOINT WARNING * * *
Grinder hits you.
* * * LOW HITPOINT WARNING * * *
You writhe in agony.
* * * LOW HITPOINT WARNING * * *
Grinder hits you!
You die...

#.#.##.###
#<#.##.###........#
#........#........#
#.....##.# .......#
#.....##.# ......#
#.....##.# .....
#.....##.# ...
#.....##.#### #5#
##..>....##.###@###
####.####...##...#
#.###.........#
#...)....##........
#######.###########
###


You could see Grinder.

Vanquished Creatures
  4 ogres
  A centaur (D:5)
  A bullfrog (D:4)
  A water moccasin skeleton (D:5)
  2 hounds
  3 orc priests (D:3)
  A bullfrog skeleton (D:5)
  Crazy Yiuf (D:5)
  Jessica (D:3)
  An iguana (D:5)
  18 adders
  A white imp (D:5)
  An ufetubus (D:5)
  2 adder zombies (D:5)
  A dart slug (D:2)
  13 orcs
  8 ball pythons
  3 bats
  3 endoplasms
  8 hobgoblins
  2 jackals (D:1)
  4 kobolds
  A quokka (D:1)
  4 frilled lizards
  7 goblins
  7 rats
99 creatures vanquished.

Notes
Turn   | Place    | Note
-------+----------+-------------------------------------------
     0 | D:1      | innerfire433 the Deep Elf Air Elementalist began the quest
                  | for the Orb.
     0 | D:1      | Reached XP level 1. HP: 10/10 MP: 6/6
   549 | D:1      | Reached XP level 2. HP: 15/15 MP: 5/8
   577 | D:1      | Found Adi Taex's Weapon Shoppe.
  1595 | D:2      | Reached XP level 3. HP: 19/19 MP: 5/10
  2336 | D:2      | Reached skill level 4 in Spellcasting
  2548 | D:2      | Found a glowing golden altar of the Shining One.
  2590 | D:2      | Reached XP level 4. HP: 24/24 MP: 10/12
  2624 | D:2      | Became a worshipper of the Shining One
  2978 | D:2      | Reached XP level 5. HP: 28/28 MP: 11/14
  3301 | D:3      | Found a faded altar of an unknown god.
  3306 | D:3      | Found a broken altar of Ashenzari.
  3415 | D:3      | Found a shimmering altar of Xom.
  3427 | D:3      | Found a basalt altar of Yredelemnul.
  3554 | D:3      | Reached skill level 5 in Spellcasting
  3772 | D:3      | Reached skill level 1 in Short Blades
  3772 | D:3      | Reached XP level 6. HP: 17/32 MP: 6/15
  3926 | D:3      | Noticed Jessica
  3930 | D:3      | Killed Jessica
  5025 | D:4      | Reached skill level 6 in Spellcasting
  5025 | D:4      | Reached skill level 5 in Air Magic
  5025 | D:4      | Reached XP level 7. HP: 36/36 MP: 11/18
  5180 | D:5      | Entered Level 5 of the Dungeon
  5399 | D:5      | Reached * piety under the Shining One
  5566 | D:5      | Found a glowing silver altar of Zin.
  5616 | D:5      | Reached skill level 1 in Maces & Flails
  5616 | D:5      | Reached skill level 5 in Conjurations
  6014 | D:5      | Learned a level 3 spell: Swiftness
  6143 | D:5      | Reached XP level 8. HP: 41/41 MP: 15/20
  6176 | D:5      | Found a runed translucent door.
  6177 | D:5      | Noticed Crazy Yiuf
  6259 | D:5      | Killed Crazy Yiuf
  6618 | D:6      | Noticed Grinder
  6622 | D:6      | Paralysed by Grinder for 4 turns
  6632 | D:6      | Paralysed by Grinder for 5 turns
  6634 | D:6      | HP: 1/41 [Grinder (5)]
  6635 | D:6      | Mangled by Grinder

Illustrated notes

Levels and vault maps discovered:
D:1:      dpeg_arrival_rhombus, layout_loops_ring, serial_shops,
          nicolae_shop_bloodbath_and_beyond, minmay_tromino_i2
D:2:      mumra_celtic_spiral_tile, layout_basic, basic_altar,
          minmay_snake_closets
D:3:      layout_basic, ashenzari_conservatory_becter,
          amethyst_overflow_temple_binary, basic_ecumenical_altar, uniq_jessica
D:4:      layout_loops_ring
D:5:      layout_loops_ring, mainiacjoe_overflow_six_doors_small,
          uniq_crazy_yiuf_cottage
D:6:      layout_loops_cross, nicolae_gozag_zags_fifth_avenue,
          kennysheep_generic_room_2, uniq_grinder

Skill      XL: |  1  2  3  4  5  6  7 |
---------------+----------------------+-----
Conjurations   | 2 3 4 5 |  5.5
Spellcasting   | 4 5 6 |  6.8
Air Magic      | 4 5 |  5.9
Short Blades   | 1 2 |  2.1
Maces & Flails | 1 |  1.8
Dodging        | |  2.4
Stealth        | |  2.4

Action                   |  1- 3 |  4- 6 |  7- 9 || total
-------------------------+-------+-------+-------++-------
Melee: Unarmed           |     1 |       |       ||     1
       Flail             |       |       |     2 ||     2
 Cast: Shock             |    84 |   115 |    83 ||   282
  Use: Potion            |       |       |     5 ||     5
Armor: Robe              |     2 |     2 |     2 ||     6
Dodge: Dodged            |    18 |     4 |    21 ||    43

Table legend: (Time is in decaauts)
 A = Elapsed time spent in this place.
 B = Non-inter-level travel time spent in this place.
 C = Inter-level travel time spent in this place.
 D = Time resting spent in this place.
 E = Time spent auto-exploring this place.
 F = Levels seen in this place.
 G = Mean time per level.
                   A        B        C        D        E       F      G
               +--------+--------+--------+--------+--------+-----+--------+
         Total |   6633 |   6364 |    269 |      0 |   5701 |   6 | 1105.5 |
       Dungeon |   6633 |   6364 |    269 |      0 |   5701 |   6 | 1105.5 |
               +--------+--------+--------+--------+--------+-----+--------+

Top non-repeatable levels by time:
     D:2: 1648 daAuts
     D:5: 1402 daAuts
     D:1: 1371 daAuts
     D:3: 1248 daAuts
     D:4: 910 daAuts
     D:6: 51 daAuts
